Map: Ascension to Aiur LE

Players

SortOf

  • Race: Zerg Zerg
  • Spawn Location: 5:00

Elazer - Winner!

  • Race: Zerg Zerg
  • Spawn Location: 11:00

Event: WCS Montreal 2017

VOD

Have the link to the VOD?

Description

Time

  • Played on: Sept. 8, 2017, 5:49 p.m.
  • Length: 7:15

All games in this series

Show
View Real Time Build Order
Export as new Build Order

SortOf Zerg 

Build Orders: Hatch First 

Get SALT Encoding   

  12  0:00  Drone  
  13  0:12  Overlord  
  13  0:17  Drone  
  14  0:31  Drone x2  
  14  0:34  Drone  
  17  0:52  Hatchery  
  17  0:55  Drone  
  17  1:00  Drone  
  18  1:09  Extractor  
  17  1:14  Spawning Pool  
  17  1:16  Drone  
  17  1:20  Drone  
  18  1:28  Drone  
  19  1:39  Drone  
  20  1:49  Overlord  
  20  2:01  Queen  
  20  2:04  Queen, Zergling x2  
  20  2:05  Zergling x2  
  26  2:11  Drone  
  26  2:12  Metabolic Boost  
  26  2:14  Drone  
  28  2:27  Drone x2  
  30  2:31  Baneling Nest  
  30  2:33  Drone  
  30  2:44  Zergling x4  
  32  2:47  Drone  
  33  2:56  Hatchery  
  32  2:59  Overlord  
  32  3:01  Drone  
  33  3:11  Drone x2  
  34  3:15  Zergling x2  
  34  3:19  Overlord  
  35  3:20  Drone x3  
  35  3:23  Baneling  
  35  3:24  Baneling  
  35  3:25  Baneling  
  38  3:28  Zergling x2  
  38  3:32  Drone  
  40  3:35  Drone x2  
  40  3:36  Overlord  
  42  3:42  Zergling x2  
  42  3:44  Queen  
  45  3:50  Zergling x4  
  45  3:51  Zergling x2  
  45  3:54  Zergling x4  
  50  3:56  Drone  
  50  3:59  Drone  
  50  4:02  Extractor, Drone  
  52  4:04  Evolution Chamber  
  52  4:07  Drone x2  
  52  4:09  Drone  
  53  4:16  Drone  
  53  4:22  Drone x2  
  54  4:25  Drone x2  
  54  4:28  Roach Warren  
  54  4:30  Zergling x6  
  57  4:35  Drone  
  57  4:36  Lair  
  58  4:41  Extractor  
  58  4:42  Drone  
  58  4:43  Drone  
  59  4:48  Zergling x4  
  59  4:49  Baneling  
  59  4:50  Baneling x2  
  59  4:52  Drone  
  61  4:54  Drone  
  61  4:55  Drone x3  
  61  4:56  Zerg Missile Weapons Level 1  
  65  5:01  Baneling  
  64  5:16  Drone x3  
  64  5:18  Drone  
  65  5:26  Overlord x2  
  65  5:30  Overlord  
  65  5:33  Glial Reconstitution  
  65  5:35  Overlord  
  65  5:38  Hatchery  
  65  5:40  Extractor  
  65  5:41  Drone x2  
  64  5:44  Drone  
  64  5:45  Drone x2  
  64  5:46  Drone x8  
  75  5:51  Roach  
  75  5:56  Roach x4  
  85  5:58  Overlord  
  85  6:00  Roach x2  
  89  6:06  Roach x3  
  89  6:07  Roach  
  89  6:09  Overlord  
  97  6:12  Ravager  
  97  6:23  Roach x4, Baneling x2  
  100  6:30  Roach  
  100  6:32  Roach x2  
  99  6:33  Roach  
  99  6:34  Roach  
  84  6:44  Roach  
  75  6:47  Roach  
  75  6:50  Roach  
  75  6:52  Roach  
Show
View Real Time Build Order
Export as new Build Order

Elazer Zerg - Winner!

Build Orders: Hatch First 

Get SALT Encoding   

  12  0:00  Drone  
  13  0:12  Overlord  
  13  0:16  Drone  
  14  0:30  Drone x2  
  14  0:34  Drone  
  17  0:51  Hatchery  
  17  0:54  Drone  
  17  0:57  Drone  
  17  1:02  Extractor  
  17  1:12  Spawning Pool  
  17  1:16  Drone  
  17  1:19  Drone  
  18  1:28  Drone  
  19  1:38  Overlord  
  19  1:49  Drone  
  20  1:59  Queen  
  20  2:00  Zergling x2  
  20  2:01  Metabolic Boost  
  23  2:03  Zergling x2  
  23  2:07  Queen  
  26  2:10  Drone  
  26  2:13  Drone  
  28  2:21  Drone  
  29  2:24  Drone  
  30  2:36  Hatchery  
  29  2:40  Drone  
  30  2:49  Zergling x2  
  31  2:53  Baneling Nest, Drone  
  31  2:57  Overlord  
  31  2:58  Drone  
  31  2:59  Drone  
  31  3:04  Drone  
  34  3:08  Drone  
  35  3:16  Drone x2  
  35  3:18  Drone  
  38  3:21  Drone x3  
  38  3:22  Drone  
  38  3:26  Overlord  
  42  3:30  Queen  
  43  3:44  Drone  
  43  3:45  Drone, Evolution Chamber  
  43  3:48  Baneling  
  44  3:49  Zergling x4  
  44  3:50  Baneling  
  44  3:51  Zergling x2  
  44  3:53  Zergling x4  
  44  3:54  Baneling  
  49  3:56  Queen  
  49  3:59  Overlord  
  51  4:03  Baneling  
  51  4:04  Zergling x2  
  51  4:05  Zergling x2  
  52  4:13  Overlord  
  52  4:14  Drone x2  
  52  4:15  Drone x2  
  56  4:20  Baneling x2  
  56  4:27  Overlord  
  55  4:31  Extractor  
  55  4:32  Zerg Missile Weapons Level 1  
  55  4:33  Drone x4, Roach Warren  
  55  4:35  Drone x2  
  59  4:42  Extractor, Overlord  
  59  4:43  Drone  
  59  4:46  Drone  
  59  4:48  Drone  
  60  4:56  Overlord  
  60  4:57  Extractor  
  58  5:16  Roach x9  
  75  5:25  Roach, Overlord  
  75  5:26  Roach x2  
  81  5:30  Roach  
  81  5:31  Roach  
  81  5:34  Roach, Zergling x6  
  81  5:35  Zergling x2  
  91  5:38  Zergling x4  
  93  5:46  Zergling x2  
  93  5:48  Overlord  
  95  5:50  Zergling x6  
  95  5:52  Baneling  
  95  5:53  Baneling x5  
  95  5:56  Zergling x2  
  98  5:59  Zergling x10  
  98  6:00  Zergling x2  
  98  6:03  Overlord  
  103  6:04  Ravager x2  
  103  6:08  Baneling x2  
  103  6:09  Zergling x2  
  103  6:10  Zergling x2  
  107  6:14  Zergling x2  
  107  6:15  Zergling x2  
  107  6:16  Baneling x3  
  109  6:25  Roach, Zergling x2  
  104  6:26  Zergling x8  
  104  6:34  Zergling x4  
  104  6:39  Zergling x4  
  99  6:41  Ravager  
  99  6:43  Roach  
  99  6:44  Roach  
  99  6:45  Ravager  
  99  6:46  Ravager  
  102  6:48  Roach  
  102  6:50  Drone  
  102  6:51  Drone x3  
  107  6:54  Overlord  
  107  6:57  Drone  
  107  7:00  Drone x2  
  107  7:01  Drone  
Tags
 
Add a new tag
Caveats
  • Supply blocks, unpowered buildings, or Contaminate may cause inaccurate times.
  • Supply counts are checked every 10 seconds.